 Dungeon Crawl Stone Soup version 0.22-a0-247-gbddf880757 (webtiles) character file.

285 RedPan the Ducker (level 6, -1/47 HPs)
             Began as a Demonspawn Monk on Feb 24, 2018.
             Blown up by Ijyb (11 damage)
             ... with a wand of disintegration (3)
             ... on level 3 of the Dungeon.
             The game lasted 00:08:17 (2747 turns).

RedPan the Ducker (Demonspawn Monk)                 Turns: 2747, Time: 00:08:18

Health: -1/47      AC:  8    Str: 13    XL:     6   Next: 7%
Magic:  0/6        EV:  7    Int: 12    God:
Gold:   88         SH:  0    Dex: 15    Spells: 5/5 levels left

rFire    . . .     SeeInvis +     - Unarmed
rCold    . . .     Gourm    .   (no shield)
rNeg     . . .     Faith    .   h - +0 chain mail
rPois    .         Spirit   +   (no helmet)
rElec    .         Reflect  .   d - scarf {Spirit}
rCorr    .         Harm     .   (no gloves)
MR       .....                  (no boots)
Stlth    ..........             (no amulet)
HPRegen  0.15/turn              l - ring of see invisible
MPRegen  0.10/turn              (no ring)

@: no status effects
A: claws 1, talons 2, demonic guardian 1
a: no special abilities


You were on level 3 of the Dungeon.
You were not hungry.

You visited 1 branch of the dungeon, and saw 3 of its levels.

You collected 88 gold pieces.

Inventory:

Hand Weapons
 a - a +0 falchion
Missiles
 s - a silver javelin (quivered)
Armour
 d - a scarf of spirit shield (worn)
 h - a +0 chain mail (worn)
 o - a +0 plate armour
Jewellery
 l - a ring of see invisible (left claw)
Scrolls
 f - a scroll of magic mapping
 i - 2 scrolls of remove curse
 j - 2 scrolls of enchant armour {unknown}
 k - a scroll of identify
 n - a scroll of fear
 q - a scroll of immolation {unknown}
Potions
 b - 2 potions of lignification
 e - a potion of haste {unknown}
 g - 2 potions of mutation {unknown}
 m - 4 potions of curing {unknown}
 t - a potion of brilliance {unknown}
Comestibles
 c - 6 rations
 p - 5 chunks of flesh


   Skills:
 - Level 3.0 Fighting
 - Level 3.7 Long Blades
 + Level 2.5 Armour
 + Level 3.9 Dodging
 - Level 1.7 Stealth
 * Level 2.6 Unarmed Combat


You had 5 spell levels left.
You didn't know any spells.

Dungeon Overview and Level Annotations

Branches:
Dungeon (3/15)

Altars:
Wu Jian

Annotations:
D:3 Ijyb


Innate Abilities, Weirdness & Mutations

You have sharp fingernails.
You have razor-sharp toenails.
A weak demonic guardian rushes to your aid.


Message History

You closely miss Ijyb. Your kick misses Ijyb.
Ijyb is severely wounded.
Ijyb zaps a wand.
You are blasted!
Your chain mail prevents you from hitting Ijyb.
Ijyb is severely wounded.
Ijyb hits you but does no damage.
You scratch Ijyb. Your kick misses Ijyb.
Ijyb is severely wounded.
Ijyb zaps a wand.
You are blasted!
You are too injured to fight recklessly!
You are too injured to fight recklessly!
You are too injured to fight recklessly!
Your chain mail prevents you from hitting Ijyb.
Ijyb is severely wounded.
Ijyb zaps a wand.
You are blasted!
* * * LOW HITPOINT WARNING * * *
You scratch Ijyb but do no damage. You claw Ijyb, but do no damage.
Ijyb is severely wounded.
Ijyb zaps a wand.
You are blasted!
You die...

##****### ***####.,,,,..#
*,,,....#####.#
*...###.......# #####
****..........#.># ##...##
*,,,....$..##.#..###.....#
*,,,.......##@...........#
*,,,........g....###.....#
****.......####.## ##...##
****.....#......# ##.##
**,,*#..#.######## #.#
*,,,,#.##.* ####### #÷#
*_,⌠,**,*,* #.....# #.#
*,,,,,*,*,* #..#..# #.#
**,,,,*,*,* #.###.# #.#


You could see Ijyb.

Vanquished Creatures
  A necrophage (D:3)
  The ghost of Liquorice the Shooter, a weakling CeHu (D:3)
  An orc wizard (D:3)
  A gnoll (D:3)
  3 adders
  2 oozes (D:3)
  3 worms
  A dart slug (D:1)
  6 leopard geckos
  5 orcs (D:3)
  4 giant cockroaches
  4 hobgoblins (D:2)
  2 jackals (D:3)
  2 kobolds
  A quokka (D:3)
  7 bats
  2 frilled lizards (D:2)
  6 goblins
  7 rats
59 creatures vanquished.

Vanquished Creatures (collateral kills)
  An orc wizard (D:3)
  3 gnolls (D:3)
  4 orcs (D:3)
  3 jackals (D:3)
11 creatures vanquished.

Grand Total: 70 creatures vanquished

Notes
Turn   | Place    | Note
-------+----------+-------------------------------------------
     0 | D:1      | RedPan the Demonspawn Monk began the quest for the Orb.
     0 | D:1      | Reached XP level 1. HP: 18/18 MP: 1/1
   118 | D:1      | Gained mutation: A weak demonic guardian rushes to your aid. [demonic ancestry]
   118 | D:1      | Reached XP level 2. HP: 24/24 MP: 2/2
   674 | D:2      | Reached skill level 1 in Armour
   690 | D:2      | Reached XP level 3. HP: 28/29 MP: 3/3
  1349 | D:2      | Found an ornate altar of the Wu Jian Council.
  1689 | D:3      | Gained mutation: You have sharp toenails. [demonic ancestry]
  1689 | D:3      | Reached XP level 4. HP: 33/35 MP: 4/4
  1770 | D:3      | Noticed Liquorice's ghost (weakling CeHu)
  1788 | D:3      | Killed Liquorice's ghost
  1788 | D:3      | Reached skill level 1 in Unarmed Combat
  2087 | D:3      | Noticed a necrophage
  2095 | D:3      | Killed a necrophage
  2095 | D:3      | Gained mutation: You have sharp fingernails. [demonic ancestry]
  2095 | D:3      | Reached XP level 5. HP: 36/41 MP: 3/5
  2643 | D:3      | Gained mutation: You have razor-sharp toenails. [demonic ancestry]
  2643 | D:3      | Reached XP level 6. HP: 45/47 MP: 6/6
  2728 | D:3      | Noticed Ijyb
  2747 | D:3      | Blown up by Ijyb

Vault maps used:
D:1:      dpeg_arrival_prison
D:2:      lemuel_round_altar, first_ration
D:3:      gammafunk_temple_overflow_pools, uniq_ijyb

Skill      XL: |  1  2  3  4 |
---------------+-------------+-----
Long Blades    | 3 |  3.7
Dodging        | 3 |  3.9
Armour         | 1 2 |  2.5
Unarmed Combat | 2 |  2.6
Fighting       | |  3.0
Stealth        | |  1.7

Action                   |  1- 3 |  4- 6 || total
-------------------------+-------+-------++-------
Melee: Falchion          |   146 |    41 ||   187
       Kick              |       |    28 ||    28
       Unarmed           |       |    73 ||    73
Throw: Javelin           |     5 |       ||     5
  Use: Scroll            |     7 |       ||     7
 Stab: Distracted        |       |     1 ||     1
  Eat: Chunk             |     3 |     3 ||     6
Armor: Robe              |     3 |       ||     3
       Leather armour    |     1 |       ||     1
       Chain mail        |    83 |    62 ||   145
Dodge: Dodged            |    56 |    41 ||    97
       Rpst.: Falchion   |    19 |     2 ||    21

Table legend:
 A = Spawn XP
 B = Non-spawn XP
 C = Spawn XP percentage of total XP
 D = Spawn monster count
 E = Non-spawn monster count
 F = Spawn count percentage of total count
 G = Total turns spent on level
                    A         B        C        D         E        F      G
               +---------+---------+-------+---------+---------+-------+---------
         Total |       0 |     408 |   0.0 |       0 |      70 |   0.0 |  2747
               +---------+---------+-------+---------+---------+-------+---------
           D:1 |       0 |      20 |   0.0 |       0 |      11 |   0.0 |   474
           D:2 |       0 |      53 |   0.0 |       0 |      21 |   0.0 |  1126
           D:3 |       0 |     335 |   0.0 |       0 |      38 |   0.0 |  1147
               +---------+---------+-------+---------+---------+-------+---------
